 Dungeon Crawl Stone Soup version 0.24-a0-779-g36f0aeb843 (webtiles) character file.

Game seed: 15501669362352218508, levelgen mode: deterministic

112 Arixos the Sneak (level 4, 0/25 HPs)
             Began as a Vampire Enchanter on Oct 8, 2019.
             Slain by an adder (3 damage)
             ... on level 3 of the Dungeon.
             The game lasted 00:08:02 (1795 turns).

Arixos the Sneak (Vampire Enchanter)                Turns: 1795, Time: 00:08:02

Health: 0/25       AC:  2    Str:  7    XL:     4   Next: 64%
Magic:  3/7        EV: 13    Int: 17    God:
Gold:   62         SH:  0    Dex: 15    Spells: 1/7 levels left

rFire    . . .     SeeInvis +   a - +1 dagger
rCold    + + .     Gourm    .   (no shield)
rNeg     + + +     Faith    .   b - +0 robe
rPois    ∞         Spirit   .   (no helmet)
rElec    .         Reflect  .   (no cloak)
rCorr    .         Harm     .   (no gloves)
MR       .....                  (no boots)
Stlth    +++++.....             (no amulet)
HPRegen  0.00/turn              (no ring)
MPRegen  0.10/turn              (no ring)

@: bloodless, regenerating quickly
A: no food, fangs 3, see invisible, unbreathing
a: Bat Form, Revivify


You were on level 3 of the Dungeon.
You were bloodless.

You visited 1 branch of the dungeon, and saw 3 of its levels.

You collected 62 gold pieces.

Inventory:

Hand Weapons
 a - a +1 dagger (weapon)
Armour
 b - a +0 robe (worn)
Jewellery
 h - an uncursed amulet of guardian spirit
Scrolls
 c - a scroll of identify {unknown}
 d - a scroll of remove curse {unknown}
 f - a scroll of immolation {unknown}
 i - a scroll of amnesia {unknown}
Potions
 e - 2 potions of lignification {unknown}
 g - 2 potions of agility {unknown}


   Skills:
 + Level 1.2 Fighting
 + Level 2.2 Short Blades
 + Level 2.9 Dodging
 + Level 5.2 Stealth
 + Level 2.4 Spellcasting
 + Level 5.0 Hexes
 + Level 1.0 Ice Magic


You had one spell level left.
You knew the following spells:

 Your Spells              Type           Power        Failure   Level  Hunger
a - Ensorcelled Hibernat  Hex/Ice        ##....       9%          2    N/A
b - Corona                Hex            ###....      2%          1    N/A
c - Confuse               Hex            ###.....     7%          3    N/A

Your spell library contained the following spells:

 Spells                   Type           Power        Failure   Level  Hunger
 Tukima's Dance           Hex            ###.....     7%          3    N/A
 Dazzling Spray           Conj/Hex       ##....       21%         3    N/A

Dungeon Overview and Level Annotations

Branches:
Dungeon (3/15)

Altars:

Annotations:
D:2 Robin


Innate Abilities, Weirdness & Mutations

You do not eat.
You do not regenerate when monsters are visible.
You are frail without blood (-20% HP).
You are immune to poison.
You have razor-sharp teeth.
You have supernaturally acute eyesight. (SInv)
You can survive without breathing.


Message History

The adder is almost dead.
The adder bites you but does no damage.
You closely miss the adder.
The adder is almost dead.
The adder bites you.
* * * LOW HITPOINT WARNING * * *
You hit the adder but do no damage.
The adder is almost dead.
The adder bites you but does no damage.
You miss the adder.
The adder is almost dead.
The adder barely misses you. The adder closely misses you.
You closely miss the adder.
The adder is almost dead.
The adder completely misses you.
You hit the adder.
The adder is almost dead.
A giant cockroach comes into view.
The adder bites you.
You die...

.# ##### ... ....
#.##..# .#...#..#
........# ...
#..####
#.#.##.....#######.#
#......s...SSS@....#
...##.......########
#...#........######
.S..(.)<..)........
#$..#..............
##.##......########
......##..... ######
#..#### ...#


You could see 2 adders, a giant cockroach (wandering) and a ball python.

Vanquished Creatures
  Terence (D:2)
  A gnoll (D:1)
  2 adders
  2 oozes
  3 dart slugs (D:1)
  A leopard gecko (D:1)
  9 bats
  6 goblins
  7 hobgoblins
  3 kobolds
  2 quokkas
  2 frilled lizards
  6 rats
45 creatures vanquished.

Notes
Turn   | Place    | Note
-------+----------+-------------------------------------------
     0 | D:1      | Arixos the Vampire Enchanter began the quest for the Orb.
     0 | D:1      | Reached XP level 1. HP: 13/13 MP: 3/3
   142 | D:1      | Reached XP level 2. HP: 14/16 MP: 3/5
   187 | D:1      | Learned a level 2 spell: Ensorcelled Hibernation
   607 | D:1      | Reached XP level 3. HP: 18/20 MP: 1/6
   992 | D:1      | Learned a level 3 spell: Confuse
  1008 | D:2      | Reached skill level 1 in Fighting
  1079 | D:2      | Reached skill level 5 in Stealth
  1316 | D:2      | Reached XP level 4. HP: 11/25 MP: 1/7
  1490 | D:2      | Noticed Terence
  1502 | D:2      | Killed Terence
  1662 | D:2      | Reached skill level 1 in Ice Magic
  1715 | D:2      | Noticed Robin
  1733 | D:3      | Reached skill level 5 in Hexes
  1795 | D:3      | Slain by an adder

Levels and vault maps discovered:
D:1:      minmay_arrival_up_and_down, layout_basic
D:2:      layout_rooms, uniq_robin, uniq_terence
D:3:      layout_loops_ring, hangedman_decor_clover_reticule, kennysheep_potato

Skill      XL: |  1  2  3  4 |
---------------+-------------+-----
Fighting       | 1 |  1.2
Stealth        | 5 |  5.2
Short Blades   | 2 |  2.2
Ice Magic      | 1 |  1.0
Hexes          | 5 |  5.0
Dodging        | |  2.9
Spellcasting   | |  2.4

Action                   |  1- 3 |  4- 6 || total
-------------------------+-------+-------++-------
Melee: Dagger            |    86 |    34 ||   120
       Bite              |    12 |     1 ||    13
 Cast: Corona            |     5 |       ||     5
       Ensorcelled Hiber |    27 |     4 ||    31
       Confuse           |       |     3 ||     3
 Abil: Exsanguinate      |     1 |       ||     1
 Stab: Sleeping          |    20 |     4 ||    24
       Confused          |       |     3 ||     3
Armor: Robe              |    22 |     4 ||    26
Dodge: Dodged            |    74 |    16 ||    90

Table legend:
 A = Non-vault XP
 B = Vault XP
 C = Vault XP percentage of total XP
 D = Non-vault monster count
 E = Vault monster count
 F = Vault count percentage of total count
                 A         B        C        D         E       F
            +---------+---------+-------+---------+---------+-------
      Total |     122 |      39 |  24.2 |      42 |       3 |   6.7
            +---------+---------+-------+---------+---------+-------
        D:1 |      77 |       0 |   0.0 |      25 |       0 |   0.0
        D:2 |      38 |      37 |  49.3 |      16 |       2 |  11.1
        D:3 |       7 |       2 |  22.2 |       1 |       1 |  50.0
            +---------+---------+-------+---------+---------+-------
